 Dungeon Crawl Stone Soup version 0.22-a0-776-ge6d7efa (webtiles) character file.

37 corax the Sneak (level 3, 0/27 HPs)
             Began as a Mummy Assassin on July 18, 2018.
             Slain by a quasit (1 damage)
             ... on level 3 of the Dungeon.
             The game lasted 00:10:23 (2414 turns).

corax the Sneak (Mummy Assassin)                    Turns: 2414, Time: 00:10:24

Health: 0/27       AC:  3    Str: 14      XL:     3   Next: 21%
Magic:  3/3        EV: 11    Int: 10      God:
Gold:   180        SH:  4    Dex:  7 (14) Spells: 2/2 levels left

rFire    x . .     SeeInvis .   a - +2 dagger
rCold    + . .     Gourm    .   r - +2 buckler
rNeg     + + +     Faith    .   c - +0 robe
rPois    ∞         Spirit   .   (no helmet)
rElec    .         Reflect  .   d - +0 cloak
rCorr    .         Harm     .   (no gloves)
MR       .....                  (no boots)
Stlth    ++........             (no amulet)
HPRegen  0.09/turn              (no ring)
MPRegen  0.08/turn              (no ring)

@: no status effects
A: no food or potions, fire vulnerability, cold resistance 1, negative energy
resistance 3, torment resistance, unbreathing
a: no special abilities


You were on level 3 of the Dungeon.
You were not hungry.

You visited 1 branch of the dungeon, and saw 4 of its levels.

You collected 180 gold pieces.

Inventory:

Hand Weapons
 a - a +2 dagger (weapon)
 b - a +0 blowgun
Missiles
 e - 7 poisoned needles
 f - 2 curare-tipped needles
 q - 5 needles of confusion
Armour
 c - a +0 robe (worn)
 d - a +0 cloak (worn)
 r - a +2 buckler (worn)
Jewellery
 l - an uncursed amulet of the acrobat {unknown}
 n - an uncursed ring of resist corrosion {unknown}
 p - a cursed amulet of inaccuracy {unknown}
Wands
 s - a wand of paralysis (14)
Scrolls
 g - 2 scrolls of fog {unknown}
 h - 5 scrolls of identify {unknown}
 i - 2 scrolls of remove curse {unknown}
 j - a scroll of magic mapping {unknown}
 k - a scroll of noise {unknown}
 m - a scroll of blinking {unknown}
 o - a scroll of teleportation {unknown}


   Skills:
 + Level 2.2 Fighting
 + Level 1.9 Short Blades
 + Level 1.7 Throwing
 + Level 1.1 Dodging
 + Level 3.8 Stealth


You had 2 spell levels left.
You didn't know any spells.
Your spell library was empty.

Dungeon Overview and Level Annotations

Branches:
Dungeon (4/15)
 Temple: D:4-7

Altars:
Cheibriados


Innate Abilities, Weirdness & Mutations

You do not eat or drink.
Your flesh is vulnerable to fire.
You are immune to poison.
Your flesh is cold resistant. (rC+)
You are immune to negative energy. (rN+++)
You are immune to unholy pain and torment.
You can survive without breathing.


Message History

You feel clumsy. The quasit barely misses you.
You closely miss the quasit.
The quasit is lightly wounded.
The quasit bites you but does no damage.
You block the quasit's attack.
The quasit claws you but does no damage.
You closely miss the quasit.
The quasit is lightly wounded.
The quasit barely misses you. The quasit completely misses you.
You block the quasit's attack.
You hit the quasit but do no damage.
The quasit is lightly wounded.
The quasit bites you.
* * * LOW HITPOINT WARNING * * *
The quasit claws you but does no damage. x2
You closely miss the quasit.
The quasit is lightly wounded.
The quasit bites you.
You die...

#.###.#..............#
#.....#...######.#####
########### #.# #.#
#.####### #........
#.######. #.# # #####
#@# ##.#
......#5###.....
#......?# #...>.###
##...## ##... #.###
#.# #+#


You could see a quasit.

Vanquished Creatures
  2 worms
  A dart slug (D:1)
  A leopard gecko (D:2)
  A giant cockroach (D:1)
  5 goblins
  A hobgoblin (D:1)
  6 jackals
  4 bats (D:1)
  A frilled lizard (D:2)
  3 kobolds
  2 rats
27 creatures vanquished.

Notes
Turn   | Place    | Note
-------+----------+-------------------------------------------
     0 | D:1      | corax the Mummy Assassin began the quest for the Orb.
     0 | D:1      | Reached XP level 1. HP: 16/16 MP: 1/1
   509 | D:1      | Reached XP level 2. HP: 19/22 MP: 2/2
  1796 | D:2      | Reached skill level 1 in Dodging
  2154 | D:3      | Found a snail-covered altar of Cheibriados.
  2182 | D:3      | Reached XP level 3. HP: 22/27 MP: 3/3
  2413 | D:3      | HP: 1/27 [quasit (3)]
  2414 | D:3      | Slain by a quasit

Vault maps used:
D:1:      matt_arrival_los_fun, minmay_pentomino_q2
D:2:      mumra_celtic_spiral_tile, first_ration
D:3:      minmay_goblin_kobold_castle, cheibriados_altar_1, uniq_sigmund
D:4:      lemuel_round_altar, nicolae_overflow_crystal_walls,
          minmay_tree_intersection

Skill      XL: |  1  2 |
---------------+-------+-----
Dodging        | 1 |  1.1
Fighting       | |  2.2
Short Blades   | |  1.9
Throwing       | |  1.7
Stealth        | |  3.8

Action                   || total
-------------------------++-------
Melee: Dagger            ||   133
 Fire: Blowgun           ||     8
 Stab: Sleeping          ||     3
Armor: Robe              ||    57
Dodge: Dodged            ||    73
Block: Buckler           ||    25

Table legend:
 A = Spawn XP
 B = Non-spawn XP
 C = Spawn XP percentage of total XP
 D = Spawn monster count
 E = Non-spawn monster count
 F = Spawn count percentage of total count
 G = Total turns spent on level
                    A         B        C        D         E        F      G
               +---------+---------+-------+---------+---------+-------+---------
         Total |       0 |      53 |   0.0 |       0 |      27 |   0.0 |  2414
               +---------+---------+-------+---------+---------+-------+---------
           D:1 |       0 |      19 |   0.0 |       0 |      11 |   0.0 |   841
           D:2 |       0 |      17 |   0.0 |       0 |       8 |   0.0 |  1058
           D:3 |       0 |      17 |   0.0 |       0 |       8 |   0.0 |   509
               +---------+---------+-------+---------+---------+-------+---------
